 Dungeon Sprint DCSS version 0.29.1-12-g30fa7ad0bf (webtiles) character file.

Game seed: 15690905941182660379

2214 Groucho the Unseen (level 9, -11/39 HPs)
             Began as a Spriggan Enchanter on Dec 30, 2022.
             Was a Follower of Dithmenos.
             Shot with an arrow by a deep elf master archer (25 damage)
             ... in the Dungeon (Sprint II: "The Violet Keep of Menkaure").
             The game lasted 00:04:40 (437 turns).

Groucho the Unseen (Spriggan Enchanter)              Turns: 437, Time: 00:04:41

Health: -11/39     AC:  2    Str:  8    XL:     9   Next: 13%
Magic:  24/24      EV: 19    Int: 17    God:    Dithmenos [*.....]
Gold:   276        SH:  0    Dex: 15    Spells: 7/29 levels left

rFire   . . .      SeeInvis +   a - +1 dagger
rCold   . . .      Faith    .   (no shield)
rNeg    . . .      Spirit   .   b - +0 robe
rPois   .          Reflect  .   (helmet restricted)
rElec   .          Harm     .   (no cloak)
rCorr   .          Rampage  .   (gloves unavailable)
Will    +....      NoTele   +   (boots unavailable)
Stlth   ++++++++..              (no amulet)
HPRegen 0.13/turn               f - ring of flight
MPRegen 0.19/turn               (no ring)

@: flying, wreathed by umbra, very quick
A: very small, no large weapons, unfitting armour, see invisible, speed 3
a: Renounce Religion


You were in the Dungeon.
You worshipped Dithmenos.
Dithmenos was aware of your devotion.
You visited 1 branch You collected 972 gold pieces.
You spent 696 gold pieces at shops.

Inventory:

Hand Weapons
 a - a +1 dagger (weapon)
Armour
 b - a +0 robe (worn)
Jewellery
 f - a ring of flight (left hand)
Scrolls
 i - a scroll of blinking
Potions
 d - a potion of curing
 e - a potion of heal wounds
 g - 2 potions of magic
 h - a potion of berserk rage


   Skills:
 + Level 9.8 Short Blades
 + Level 5.4 Dodging
 - Level 17.6 Stealth
 + Level 10.9 Spellcasting
 * Level 3.8 Conjurations
 + Level 11.2 Hexes
 * Level 4.7 Earth Magic


You had 7 spell levels left.
You knew the following spells:

 Your Spells              Type           Power      Damage    Failure   Level
a - Ensorcelled Hibernat  Hex/Ice        56%        N/A       1%          2
b - Confusing Touch       Hex            47%        N/A       1%          3
c - Dazzling Flash        Conj/Hex       70%        N/A       1%          3
d - Tukima's Dance        Hex            47%        N/A       1%          3
e - Iskenderun's Battles  Conj           22%        2d8       41%         5
f - Iron Shot             Conj/Erth      12%        9d3       90%         6

Your spell library contained the following spells:

 Spells                   Type           Power      Damage    Failure   Level
 Spellforged Servitor     Conj/Summ      7%         N/A       100%        7


Dungeon Overview and Level Annotations

Branches:
Dungeon (1/1)

Altars:
Cheibriados
Dithmenos
Elyvilon
Fedhas
Gozag
Hepliaklqana
Kikubaaqudgha
Makhleb
Nemelex Xobeh
Okawaru
Qazlal
Ru
Sif Muna
Trog
Uskayaw
Vehumet
Wu Jian
Xom
Yredelemnul
Zin
The Shining One
Jiyva
Lugonu

Shops:
D !(:?=[=[=!((?::

Annotations:
D exclusion: oklob plant


Innate Abilities, Weirdness & Mutations

You are very small and have problems with some larger weapons.
You are too small for most types of armour.
You have supernaturally acute eyesight. (SInv)
You cover ground extremely quickly. (Speed+++)


Message History

The helpless polar bear fails to defend itself.
You spit the polar bear like a pig!!!!
You kill the polar bear!
Dithmenos accepts your kill.
Your Dodging skill increases to level 5!
Your Conjurations skill increases to level 3!
Your Hexes skill increases to level 11!
Your Earth Magic skill increases to level 4!
You have reached level 9!
Your experience leads to an increase in your attributes!
Increase (S)trength, (I)ntelligence, or (D)exterity?
You feel stronger. x2
Unknown command.
Unknown command.
You see here a hornet corpse.
The helpless yaktaur fails to defend itself.
You perforate the yaktaur like a sieve!!!!
You kill the yaktaur!
Dithmenos accepts your kill.
You see here a polar bear corpse.
You flicker back into view.
Really fly into that net trap?
You become entangled in the net!
There is a net trap here.
You see here a throwing net.
You struggle against the net.
You struggle against the net.
You shred the net and break free!
A deep elf master archer comes into view.
The deep elf master archer shouts!
The deep elf master archer wields a +0 longbow.
The deep elf master archer shoots an arrow.
The arrow hits you!!
Ouch! That really hurt!
Unknown command.
Unknown command.
The deep elf master archer shoots an arrow.
The arrow hits you!!
Ouch! That really hurt!
You die...

##++## # ##≈...###
~## #e≈@....#
##~~#+++ ####....#
#~~~... .. +..^.#
#~~~~.##+##..
####.#
#~~~~##.#.##.####
+^### #~~~~#.###.#
...# #^..####
#~~####.#.####..##
##.^##)#


?($!= #~##.###'###.##..# +..#.†#▓$!!!( #~###.##.##..##..# #..#.†#▓?$?(! You
could see a deep elf master archer.

Vanquished Creatures
  A yaktaur (D)
  A hornet (D)
  3 polar bears (D)
  2 wyverns (D)
  4 neqoxecs (D)
  Menkaure (D)
  4 scorpions (D)
  3 worms (D)
19 creatures vanquished.

Vanquished Creatures (others)
  A water moccasin (D)
1 creature vanquished.

Grand Total: 20 creatures vanquished

Notes
Turn   | Place    | Note
-------+----------+-------------------------------------------
     0 | D        | Groucho the Spriggan Enchanter began the quest for the Orb.
     0 | D        | Reached XP level 1. HP: 9/9 MP: 5/5
    10 | D        | Reached skill level 5 in Stealth
    15 | D        | Reached skill level 6 in Stealth
    15 | D        | Reached XP level 2. HP: 13/13 MP: 5/7
    17 | D        | Noticed a wyvern
    17 | D        | Noticed a wyvern
    20 | D        | Noticed a scorpion
    20 | D        | Noticed a scorpion
    20 | D        | Noticed a scorpion
    20 | D        | Noticed a scorpion
    24 | D        | Killed a scorpion
    25 | D        | Reached skill level 9 in Stealth
    25 | D        | Reached skill level 5 in Spellcasting
    25 | D        | Reached skill level 5 in Hexes
    25 | D        | Reached XP level 3. HP: 16/16 MP: 5/10
    25 | D        | Reached XP level 4. HP: 21/21 MP: 6/12
    25 | D        | Killed a scorpion
    26 | D        | Reached skill level 10 in Stealth
    28 | D        | Killed a scorpion
    29 | D        | Reached skill level 5 in Short Blades
    29 | D        | Reached skill level 11 in Stealth
    29 | D        | Reached XP level 5. HP: 24/24 MP: 6/15
    35 | D        | Reached skill level 12 in Stealth
    45 | D        | Noticed a neqoxec
    45 | D        | Noticed a neqoxec
    45 | D        | Noticed a neqoxec
    45 | D        | Noticed a neqoxec
    47 | D        | Killed a neqoxec
    48 | D        | Reached skill level 14 in Stealth
    48 | D        | Reached XP level 6. HP: 5/28 MP: 7/18
    49 | D        | Killed a neqoxec
    51 | D        | Killed a neqoxec
    52 | D        | Reached skill level 15 in Stealth
    52 | D        | Reached XP level 7. HP: 5/32 MP: 8/20
    54 | D        | Killed a neqoxec
    55 | D        | Reached skill level 16 in Stealth
    64 | D        | Killed a wyvern
    67 | D        | Killed a wyvern
    68 | D        | Reached skill level 17 in Stealth
    68 | D        | Reached skill level 10 in Hexes
    68 | D        | Reached XP level 8. HP: 5/36 MP: 9/22
    80 | D        | Learned a level 2 spell: Ensorcelled Hibernation
    84 | D        | Learned a level 3 spell: Confusing Touch
    88 | D        | Learned a level 3 spell: Dazzling Flash
    92 | D        | Learned a level 3 spell: Tukima's Dance
   134 | D        | Found Gyptooplue's Distillery.
   134 | D        | Found Nabyssen's Weapon Emporium.
   134 | D        | Found Amacus Gibur's Book Emporium.
   134 | D        | Found Cyrpharih's Jewellery Shoppe.
   134 | D        | Found Zej Acal's Antique Weapon Shoppe.
   135 | D        | Found Ityikibb's Antique Armour Shoppe.
   135 | D        | Found Pyheoz's Magic Scroll Shoppe.
   135 | D        | Found Fiteunaufu's Book Shoppe.
   136 | D        | Found Zampijumn's Jewellery Shoppe.
   136 | D        | Found Kyomn's Antique Armour Emporium.
   136 | D        | Noticed Menkaure
   153 | D        | Killed Menkaure
   154 | D        | Reached skill level 10 in Spellcasting
   156 | D        | Found Faenn's Jewellery Emporium.
   156 | D        | Found Jiajaest's Magic Scroll Shoppe.
   156 | D        | Noticed an oklob plant
   157 | D        | Found Vyorebip's Weapon Shoppe.
   157 | D        | Found Misut's Book Shoppe.
   157 | D        | Found Zirgh's Distillery.
   158 | D        | Noticed an unseen horror
   159 | D        | Noticed an unseen horror
   170 | D        | Bought a book of Power for 504 gold pieces
   176 | D        | Noticed a manticore
   180 | D        | Noticed a manticore
   190 | D        | Bought a ring of flight for 192 gold pieces
   193 | D        | Noticed a manticore
   373 | D        | Found an iron altar of Okawaru.
   373 | D        | Found a radiant altar of Vehumet.
   374 | D        | Found a sparkling altar of Nemelex Xobeh.
   374 | D        | Found a hide-covered altar of Uskayaw.
   374 | D        | Found a glowing silver altar of Zin.
   375 | D        | Found an opulent altar of Gozag.
   375 | D        | Found a burning altar of Makhleb.
   375 | D        | Found a bloodstained altar of Trog.
   376 | D        | Found a blossoming altar of Fedhas.
   376 | D        | Found a corrupted altar of Lugonu.
   376 | D        | Found a basalt altar of Yredelemnul.
   376 | D        | Found a shimmering blue altar of Sif Muna.
   383 | D        | Learned a level 5 spell: Iskenderun's Battlesphere
   390 | D        | Learned a level 6 spell: Iron Shot
   391 | D        | Found a white marble altar of Elyvilon.
   391 | D        | Found an ancient bone altar of Kikubaaqudgha.
   392 | D        | Found a shadowy altar of Dithmenos.
   392 | D        | Found a viscous altar of Jiyva.
   393 | D        | Found a snail-covered altar of Cheibriados.
   395 | D        | Found a shimmering altar of Xom.
   395 | D        | Found a sacrificial altar of Ru.
   395 | D        | Found a hazy altar of Hepliaklqana.
   395 | D        | Noticed a hornet
   395 | D        | Noticed a polar bear
   396 | D        | Found a glowing golden altar of the Shining One.
   396 | D        | Found an ornate altar of the Wu Jian Council.
   396 | D        | Found a stormy altar of Qazlal.
   396 | D        | Noticed a yaktaur
   401 | D        | Became a worshipper of Dithmenos the Shadowed
   409 | D        | Noticed a polar bear
   409 | D        | Noticed a polar bear
   410 | D        | Killed a polar bear
   411 | D        | Reached skill level 1 in Conjurations
   411 | D        | Reached skill level 1 in Earth Magic
   411 | D        | Killed a polar bear
   413 | D        | Killed a hornet
   413 | D        | Reached * piety under Dithmenos
   414 | D        | Killed a polar bear
   415 | D        | Reached skill level 5 in Dodging
   415 | D        | Reached XP level 9. HP: 39/39 MP: 24/24
   416 | D        | Killed a yaktaur
   431 | D        | Noticed a deep elf master archer
   437 | D        | Shot with an arrow by a deep elf master archer

Illustrated notes

Levels and vault maps discovered:
D:        the_violet_keep_of_menkaure [sprint2_stairs_cluster_1,
          sprint2_shoproom, sprint2_temple, sprint2_basic_supplies,
          sprint2_obstacle_4, sprint2_obstacle_1, sprint2_obstacle_2,
          sprint2_obstacle_6, sprint2_obstacle_3, sprint2_timed_cluster_1,
          sprint2_smallroom_cluster_1, sprint2_smallroom_final_cluster_1,
          sprint2_transparent_cluster_1, sprint2_second_timed_cluster_1,
          sprint2_sniper_area_1, sprint2_heavy_combat_area_1,
          sprint2_mutation_trap_area_1, sprint2_forest_area_1,
          sprint2_light_combat_area_1, sprint2_behind_water_1,
          sprint2_near_end_vault_1]

Skill      XL: |  1  2  3  4  5  6  7  8 |
---------------+-------------------------+-----
Stealth        | 6 9 11 14 15 17 | 17.6
Spellcasting   | 3 5 6 8 9 10 | 10.9
Hexes          | 4 5 7 8 9 10 11 | 11.2
Short Blades   | 2 3 5 6 7 8 9 |  9.8
Dodging        | 5 |  5.4
Conjurations   | 3 |  3.8
Earth Magic    | 4 |  4.7

Action                   |  1- 3 |  4- 6 |  7- 9 || total
-------------------------+-------+-------+-------++-------
Melee: Dagger            |     8 |    10 |    12 ||    30
 Cast: Confusing Touch   |       |       |     1 ||     1
  Use: Potion            |     2 |       |     1 ||     3
 Stab: Invisible         |     3 |     3 |       ||     6
       Sleeping          |     2 |     3 |     8 ||    13
       Confused          |       |       |     1 ||     1
Dodge: Dodged            |     4 |     2 |     1 ||     7
